AoeStats
← Alvardo

Arabia

510400818Analyzed
2v2 RM · 21h ago on Sep 30, 2026· 52m 41s· 4 players
Game mode
Random Map
Map size
Medium (4 player)
Population
200
Speed
Normal
Resources
Standard
Victory
Conquest
Starting age
Dark Age
Ending age
Imperial Age
RankedLock teamsTeams togetherTeam positionsShared explorationLock speedFull tech treeHidden civsTurbo modeCheats
Victory
Defeat
🇦🇷 Slavs · Argentina
1005
+15
🇦🇷 Hindustanis · Argentina
980
+16
🇫🇷 Hindustanis · France
997
-16
🇫🇷 Varangians · France
985
-15
Jéhache M.D.
8:04 Loom
9:56 Feudal Age
10:36 Double-Bit Axe
13:21 Fletching
15:10 Loom
21:10 Castle Age
19:29 Horse Collar
25:16 Stone Mining
25:17 Gold Mining
25:45 Bow Saw
25:42 Heavy Plow
27:35 Bodkin Arrow
27:40 Padded Archer Armor
29:52 Gold Mining
33:10 Imperial Age
31:47 Grand Trunk Road
32:01 Pikeman
32:42 Squires
33:51 Wheelbarrow
35:06 Chemistry
34:44 Forging
34:39 Scale Mail Armor
39:27 Gold Shaft Mining
39:01 Thumb Ring
39:25 Shatagni
39:51 Conscription
40:42 Bracer
40:57 Leather Archer Armor
42:27 Two-Man Saw
44:08 Ballistics
49:33 Elite Skirmisher
Anva
11:01 Feudal Age
11:56 Loom
16:29 Castle Age
15:36 Bloodlines
18:00 Forging
18:58 Scale Barding Armor
20:05 Double-Bit Axe
39:00 Horse Collar
45:01 Bow Saw
48:14 Scale Mail Armor
48:51 Pikeman
49:26 Gambesons
49:44 Squires
49:56 Squires
JERO
7:19 Loom
10:07 Feudal Age
16:22 Scale Barding Armor
21:59 Castle Age
19:59 Horse Collar
20:07 Double-Bit Axe
21:12 Bloodlines
22:01 Forging
23:38 Husbandry
24:03 Chain Barding Armor
25:06 Iron Casting
26:27 Wheelbarrow
25:38 Town Watch
26:15 Gold Mining
27:31 Iron Casting
28:39 Hand Cart
30:38 Fletching
31:21 Bodkin Arrow
36:42 Imperial Age
37:17 Scale Mail Armor
37:23 Detinets
38:29 Conscription
39:11 Blast Furnace
38:20 Cavalier
39:15 Elite Boyar
41:42 Plate Barding Armor
44:16 Man-at-Arms
44:57 Squires
44:17 Pikeman
45:13 Chain Mail Armor
46:03 Druzhina
46:38 Hoardings
47:29 Padded Archer Armor
48:00 Plate Mail Armor
48:44 Leather Archer Armor
48:31 Town Patrol
48:03 Light Cavalry
48:57 Sappers
48:54 Elite Skirmisher
48:57 Crossbowman
48:57 Heavy Cavalry Archer
49:54 Siege Engineers
49:45 Murder Holes
Alvardo
6:21 Loom
13:58 Feudal Age
16:28 Double-Bit Axe
23:38 Castle Age
21:23 Horse Collar
22:31 Fletching
23:42 Bloodlines
25:40 Forging
26:02 Scale Barding Armor
28:56 Wheelbarrow
30:15 Hand Cart
31:11 Iron Casting
30:54 Heavy Plow
32:21 Stone Mining
33:33 Husbandry
34:21 Gold Mining
35:11 Town Watch
36:49 Gold Shaft Mining
39:28 Imperial Age
37:39 Stone Shaft Mining
37:19 Bow Saw
38:58 Murder Holes
41:24 Two-Man Saw
41:39 Chemistry
41:36 Grand Trunk Road
43:28 Blast Furnace
42:49 Chain Barding Armor
43:52 Heavy Camel Rider
45:11 Scale Mail Armor
45:48 Plate Barding Armor
45:29 Thumb Ring
46:46 Shatagni
48:09 Imperial Camel Rider
Connection lost

Rejoining the realm…

Still unreachable

The connection could not be restored.

Session expired

The server has moved on; the page needs a fresh start.